 Dungeon Crawl Stone Soup version 0.26.1-16-g4e020e15dc (webtiles) character file.

Game seed: 5332601814704329205

752 Twinkles the Vandal (level 8, -26/52 HPs)
             Began as a Halfling Arcane Marksman on Mar 11, 2023.
             Killed by an exploding a water moccasin (35 damage)
             ... exploding inner flame
             ... on level 5 of the Dungeon on Mar 12, 2023.
             The game lasted 00:13:39 (4869 turns).

Twinkles the Vandal (Halfling Arcane Marksman)      Turns: 4869, Time: 00:13:39

Health: -26/52     AC:  6    Str: 13    XL:     8   Next: 6%
Magic:  9/9        EV: 13    Int: 11    God:
Gold:   182        SH:  0    Dex: 15    Spells: 8/9 levels left

rFire    . . .     SeeInvis .   b - +1 whip (elec)
rCold    . . .     Faith    .   (shield restricted)
rNeg     . . .     Spirit   .   f - +0 scale mail
rPois    .         Reflect  .   (no helmet)
rElec    .         Harm     .   (no cloak)
rCorr    +         Rampage  .   (no gloves)
Will     .....                  (no boots)
Stlth    +.........             r - amulet of the acrobat
HPRegen  0.17/turn              x - ring of resist corrosion
MPRegen  0.11/turn              (no ring)

@: no status effects
A: small, mutation resistance 1
a: no special abilities


You were on level 5 of the Dungeon.
You visited 1 branch of the dungeon, and saw 5 of its levels.

You collected 182 gold pieces.

Inventory:

Hand Weapons
 a - a +0 hunting sling
 b - a +1 whip of electrocution (weapon)
 q - a +0 spear
Missiles
 d - 10 sling bullets
 h - 62 stones
 k - 32 poisoned darts (quivered)
Armour
 e - a +0 robe
 f - a +0 scale mail (worn)
 m - a +0 chain mail
Jewellery
 r - an amulet of the acrobat (around neck)
 x - a ring of resist corrosion (left hand)
Wands
 v - a wand of iceblast (4)
Scrolls
 c - a scroll of enchant armour {unknown}
 g - a scroll of fear {unknown}
 i - 2 scrolls of blinking {unknown}
 j - 4 scrolls of immolation
 n - a scroll of fog {unknown}
 s - a scroll of enchant weapon {unknown}
 t - 5 scrolls of identify
 u - 4 scrolls of remove curse {unknown}
Potions
 l - a potion of flight {unknown}
 p - a potion of heal wounds {unknown}
 w - 2 potions of attraction
 z - a potion of might {unknown}
 A - a potion of invisibility {unknown}


   Skills:
 + Level 3.3 Fighting
 + Level 6.2 Slings
 + Level 3.5 Armour
 + Level 4.5 Dodging
 + Level 4.2 Stealth
 - Level 1.0 Spellcasting
 - Level 2.4 Hexes


You had 8 spell levels left.
You knew the following spells:

 Your Spells              Type           Power        Failure   Level
a - Corona                Hex            5%           47%         1

Your spell library contained the following spells:

 Spells                   Type           Power        Failure   Level
 Slow                     Hex            5%           63%         2
 Inner Flame              Hex/Fire       3%           95%         3
 Portal Projectile        Hex/Tloc       6%           95%         3
 Cause Fear               Hex            2%           99%         4
 Leda's Liquefaction      Hex/Erth       1%           100%        4


Dungeon Overview and Level Annotations

Branches:
Dungeon (5/15)
 Temple: D:4-7

Altars:
Dithmenos
Xom


Innate Abilities, Weirdness & Mutations

You are small and have problems with some larger weapons.
You are somewhat resistant to further mutation.


Message History

Unknown command.
As you read the scroll labelled DEDUNU MUICSEUX, it crumbles to dust.
The creatures around you are filled with an inner flame!
It was a scroll of immolation.
The water moccasin bites you but does no damage.
The water moccasin barely misses you.
You hit the water moccasin.
Flame seeps out of the water moccasin.
The water moccasin is moderately wounded.
The water moccasin is engulfed in blazing flames.
Flame seeps out of the water moccasin.
The water moccasin bites you.
* * * LOW HITPOINT WARNING * * *
You hit the water moccasin but do no damage.
Lightning courses through the water moccasin!
Flame seeps out of the water moccasin.
The water moccasin is almost dead.
The water moccasin is engulfed in blazing flames.
The water moccasin explodes!
The fiery explosion engulfs you!!
Ouch! That really hurt!
You die...

.#.##........# #.......
.#.##).......#############.......
.#>.......†......................
.#.##........#############.......
...................##### #.......
.#.##..................# #.......
.#.##................... ########
.#.##...............##.
##.##........###@##.....
##.####+###### #°# ##.# ##.# #§#
.... ### #.# # # ###.####.##
l####.#<........##
....S.............
####...##.####((##
#...##.####..####.##


There were no monsters in sight!

Vanquished Creatures
  Grinder (D:3)
  A water moccasin (D:5)
  A howler monkey (D:3)
  A hound (D:4)
  2 jellies (D:5)
  An orc priest (D:5)
  A bullfrog skeleton (D:5)
  Terence (D:2)
  An iguana (D:4)
  2 worker ants
  13 adders
  4 gnolls
  An ooze (D:2)
  3 worms
  4 leopard geckos
  7 orcs
  6 bats
  2 giant cockroaches
  11 goblins
  5 hobgoblins
  11 jackals
  10 kobolds
  6 quokkas
  2 ball pythons
  A leopard gecko zombie (D:5)
  6 rats
104 creatures vanquished.

Notes
Turn   | Place    | Note
-------+----------+-------------------------------------------
     0 | D:1      | Twinkles the Halfling Arcane Marksman began the quest for
                  | the Orb.
     0 | D:1      | Reached XP level 1. HP: 12/12 MP: 2/2
    14 | D:1      | Reached skill level 1 in Fighting
    26 | D:1      | Reached XP level 2. HP: 18/18 MP: 3/3
   133 | D:1      | Reached skill level 1 in Stealth
   526 | D:1      | Reached XP level 3. HP: 20/23 MP: 4/4
   844 | D:2      | Found a shadowy altar of Dithmenos.
   915 | D:2      | Noticed Terence
   949 | D:2      | Killed Terence
   950 | D:2      | Reached skill level 1 in Armour
   950 | D:2      | Reached XP level 4. HP: 22/28 MP: 5/5
  1049 | D:2      | Reached skill level 4 in Slings
  1675 | D:3      | Reached XP level 5. HP: 25/34 MP: 6/6
  2324 | D:3      | Noticed Grinder
  2356 | D:3      | Killed Grinder
  2357 | D:3      | Reached skill level 5 in Slings
  2357 | D:3      | Reached XP level 6. HP: 33/41 MP: 7/7
  2608 | D:3      | Reached XP level 7. HP: 45/45 MP: 8/8
  2828 | D:3      | Found a faded altar of an unknown god.
  3958 | D:4      | Found a shimmering altar of Xom.
  3958 | D:4      | Found a shimmering altar of Xom.
  3958 | D:4      | Found a shimmering altar of Xom.
  3959 | D:4      | Found a shimmering altar of Xom.
  3960 | D:4      | Found a shimmering altar of Xom.
  3961 | D:4      | Found a shimmering altar of Xom.
  4244 | D:5      | Entered Level 5 of the Dungeon
  4257 | D:5      | Noticed a water moccasin
  4392 | D:5      | Reached skill level 6 in Slings
  4714 | D:5      | Reached XP level 8. HP: 52/52 MP: 9/9
  4864 | D:5      | HP: 15/52 [poisoned by a water moccasin]
  4865 | D:5      | HP: 7/52 [water moccasin (7)]
  4869 | D:5      | Killed by an exploding a water moccasin... exploding inner
                  | flame

Illustrated notes

Levels and vault maps discovered:
D:1:      saegor_arrival_simple_c, layout_basic, minmay_tetromino_t4
D:2:      layout_rooms, grunt_dithmenos_smoke, uniq_terence
D:3:      layout_loops_ring, chequers_ecumenical_altar_lobes,
          minmay_misc_feat_tiny, serial_bayou_pond_d, uniq_grinder
D:4:      layout_loops_ring, xom_redecorated
D:5:      minmay_clustersquares, layout_basic

Skill      XL: |  1  2  3  4  5  6  7 |
---------------+----------------------+-----
Fighting       | 1 2 3 |  3.3
Stealth        | 1 2 3 4 |  4.2
Armour         | 1 2 3 |  3.5
Slings         | 4 5 6 |  6.2
Dodging        | 3 4 |  4.5
Spellcasting   | |  1.0
Hexes          | |  2.4

Action                   |  1- 3 |  4- 6 |  7- 9 || total
-------------------------+-------+-------+-------++-------
Melee: Spear             |       |     7 |       ||     7
       Whip              |       |    40 |    74 ||   114
 Fire: Hunting sling     |    75 |   107 |   135 ||   317
Throw: Dart              |       |     2 |     1 ||     3
  Use: Scroll            |       |       |     2 ||     2
       Potion            |       |       |     1 ||     1
Armor: Robe              |     2 |       |       ||     2
       Scale mail        |     7 |    28 |    27 ||    62
Dodge: Dodged            |    16 |    45 |    72 ||   133
